 Dungeon Crawl Stone Soup version 0.13.0-25-g43d4df3 (webtiles) character file.

191139 Malachi the Ninja (level 17, -6/111 HPs)
             Began as a Vampire Enchanter on Oct 27, 2013.
             Was the Champion of Ashenzari.
             Mangled by a tentacled monstrosity (9 damage)
             ... on Level 21 of the Dungeon.
             The game lasted 02:28:29 (41628 turns).

Malachi the Ninja (Vampire Enchanter)              Turns: 41628, Time: 02:28:30

HP  -6/111       AC 10     Str  7      XL: 17   Next: 96%
MP  29/29        EV 25     Int 24      God: Ashenzari [******]
Gold 1111        SH 17     Dex 23      Spells:  8 memorised,  3 levels left

Res.Fire  : + + .   See Invis. : +   j - +8 quick blade (curse)
Res.Cold  : + . .   Warding    : .   I - +1 robe "Uriewuywk" {Dex+4}
Life Prot.: + + +   Conserve   : +   R - +2 buckler of the Mind {rF++ rN+}
Res.Poison: +       Res.Corr.  : .   Z - +2 helmet of the Abyss {rElec Int+2}
Res.Elec. : +       Clarity    : +   F - +0 cloak
Sust.Abil.: . .     Spirit.Shd : .   q - +1 pair of gloves
Res.Mut.  : .       Stasis     : .   T - +0 pair of dwarf boots
Res.Rott. : +       Flight     : .   S - amulet of conservation
Saprovore : . . .                    D - +3 ring of dexterity
                                     p - +2 ring of dexterity

@: regenerating slowly, studying Short Blades, very slightly contaminated,
constricted, quite resistant to hostile enchantments, uncannily stealthy
A: bottle blood, fangs 3, see invisible, unbreathing
a: Bat Form, Bottle Blood, Scrying, Transfer Knowledge, Renounce Religion


You were on level 21 of the Dungeon.
You worshipped Ashenzari.
Ashenzari was exalted by your worship.
You were very thirsty.

You visited 3 branches of the dungeon, and saw 35 of its levels.
You also visited: Labyrinth, Bailey and Ice Cave.

You collected 3043 gold pieces.
You spent 1952 gold pieces at shops.

Inventory:

Hand weapons
 j - a cursed +8,+8 quick blade (weapon)
Armour
 h - the cursed +15 shield "Bullseye" {EV-5}
   (You acquired it on level 8 of the Lair of Beasts)

   It affects your evasion (-5).
   It has a curse placed upon it.
 q - a +1 pair of gloves (worn)
 F - a +0 cloak (worn)
 I - the cursed +1 robe "Uriewuywk" (worn) {Dex+4}
   (You found it on level 11 of the Dungeon)

   It affects your dexterity (+4).
   It has a curse placed upon it.
 R - the cursed +2 buckler of the Mind (worn) {rF++ rN+}
   (You bought it in a shop on level 4 of the Dungeon)

   It greatly protects you from fire.
   It protects you from negative energy.
   It has a curse placed upon it.
 T - a +0 pair of dwarven boots (worn)
 Z - the cursed +2 helmet of the Abyss (worn) {rElec Int+2}
   (You bought it in a shop on level 15 of the Dungeon)

   It affects your intelligence (+2).
   It insulates you from electricity.
   It has a curse placed upon it.
Magical devices
 m - a wand of fire (8)
 P - a wand of lightning (5)
 U - a wand of fire (6)
Scrolls
 c - 5 scrolls of identify
 d - a scroll of curse weapon
 e - 3 scrolls of blinking
 k - 8 scrolls of teleportation
 n - 3 scrolls of enchant weapon I
 t - 2 scrolls of curse armour
 u - a scroll of amnesia
 B - 3 scrolls of silence
 H - a scroll of magic mapping
 J - a scroll of fear
 K - 7 scrolls of fog
 L - 9 scrolls of remove curse
Jewellery
 b - an uncursed amulet of rage
 g - an uncursed ring of ice
 p - a +2 ring of dexterity (left hand)
 s - an uncursed ring of protection from magic
 v - an uncursed ring of wizardry
 y - an uncursed ring of magical power
 z - the ring of Fiwuskya {MP+9 Str+4 Dex+4}
   (You found it on level 22 of the Dungeon)

   [ring of magical power]

   It affects your strength (+4).
   It affects your dexterity (+4).
 D - a +3 ring of dexterity (right hand)
 M - an uncursed amulet of resist corrosion
 S - an amulet of conservation (around neck)
 Y - an uncursed ring of sustain abilities
Potions
 a - 3 potions of heal wounds
 f - 2 potions of agility
 i - a potion of flight
 l - 4 potions of curing
 o - a potion of restore abilities
 x - 4 potions of magic
 C - 5 potions of might
 E - 2 potions of brilliance
Books
 r - a book of Necromancy

   Spells                             Type                      Level
   Pain                               Necromancy                   1
   Animate Skeleton                   Necromancy                   1
   Lethal Infusion                    Charms/Necromancy            2
   Vampiric Draining                  Necromancy                   3
   Regeneration                       Charms/Necromancy            3
   Animate Dead                       Necromancy                   4
   Control Undead                     Necromancy                   4
 w - a manual of Short Blades
 Q - a book of the Sky

   Spells                             Type                      Level
   *Flight                            Charms/Air                   3
   Airstrike                          Air                          4
   *Silence                           Hexes/Air                    5
   Deflect Missiles                   Charms/Air                   6
   Conjure Ball Lightning             Conjuration/Air              7
   Tornado                            Air                          9


   Skills:
 - Level 5.0 Fighting
 - Level 12.1(16.2) Short Blades
 - Level 0.7 Throwing
 - Level 12.4 Dodging
 O Level 27 Stealth
 - Level 5.2(8.2) Shields
 - Level 5.2 Spellcasting
 - Level 15.0 Hexes
 - Level 11.4 Charms
 - Level 0.2 Summonings
 - Level 3.7 Ice Magic
 * Level 9.5 Air Magic


You had 3 spell levels left.
You knew the following spells:

 Your Spells              Type           Power        Failure   Level  Hunger
a - Summon Butterflies    Summ           #.......     10%         1    None
b - Ensorcelled Hibernat  Hex/Ice        ######       1%          2    None
c - Confuse               Hex            ######..     1%          3    ##.....
d - Sure Blade            Hex/Chrm       ######....   1%          2    None
e - Invisibility          Hex            ######..     3%          6    #######
f - Flight                Chrm/Air       ######....   1%          3    ##.....
g - Apportation           Tloc           #.........   12%         1    None
s - Silence               Hex/Air        ######....   1%          5    #####..


Dungeon Overview and Level Annotations

Branches:
Dungeon (23/27)            Temple (0/1) D:5             Orc (4/4) D:10
    Elf (0/3) Orc:3          Lair (8/8) D:10         Shoals (0/5) Lair:4
  Snake (0/5) Lair:6        Slime (0/6) Lair:7       Vaults (0/5) D:15

Altars:
Ashenzari
Elyvilon
Fedhas
Kikubaaqudgha
Makhleb
Nemelex Xobeh
Trog
Vehumet
Xom
Zin
Jiyva

Shops:
D:4 [   D:14 ?*}(   D:15 [   Orc:2 !   Orc:3 %+   Orc:4 [(=*

Portals:
Hell: D:21 D:22 D:23 Lair:8
Abyss: D:22
Pandemonium: D:21 D:22
Trove: D:14 (give wand of hasting (9))

Annotations:
D:21 Jory


Innate Abilities, Weirdness & Mutations

You heal slowly.
You can bottle blood from corpses.
You have razor-sharp teeth.*
You have supernaturally acute eyesight.
You can survive without breathing.*


Message History

Blink to where?
Press: ? - help, Dir - move target cursor Your attempt to break free from the tentacled monstrosity fails, but you feel that another attempt might succeed.
The stone giant throws a large rock.
The large rock hits you!
* * * LOW HITPOINT WARNING * * *
The tentacled monstrosity closely misses you.
The tentacled monstrosity completely misses you.
The tentacled monstrosity barely misses you.
* * * LOW HITPOINT WARNING * * *
The tentacled monstrosity constricts you!
Read which item? (? for menu, Esc to quit)
Okay, then.
Drink which item? (? for menu, Esc to quit)
You feel much better.
The stone giant throws a large rock.
The large rock misses you.
The tentacled monstrosity tentacle-slaps you!
* * * LOW HITPOINT WARNING * * *
The tentacled monstrosity tentacle-slaps you but does no damage.
The tentacled monstrosity misses you.
You die...

, ,, *,#...##...##...#∆#...#
,*, *,#....#####....#∆#...#
,*,*, *#.#...........#.##...#
*,*,,,,#.##.........##.#...##
, *,,,,##,##.......##∆##...#
,* ,, ,*#..#######..##....#
,,, , ,, ### ,,, ,###....## ,
,*,,, ....#########......# *
*,,,,C....∩..@X........##
*,*,,, ...[............###
*,*, ,,.......)....#### ,* ,
* ############# *, ,**** * *
,,,,, ,, * , , ,, * , ,,,,,,
, ,,, , ,,* ,,, , ,, * *


You could see a tentacled monstrosity and a stone giant.

Vanquished Creatures
  A titan (D:21)
  A storm dragon (D:21)
  Rupert (D:18)
  A frost giant (shapeshifter) (D:15)
  The ghost of letownia the Executioner, a powerful HOSk of Trog (D:14)
  2 orc warlords
  Wiglaf (D:17)
  Louise (D:17)
  2 stone giants
  A dire elephant (Lair:8)
  8 vault guards (D:15)
  3 dragons
  4 yaktaur captains
  A minotaur (Lab)
  The ghost of Bloax the Basher, a powerful GrBe of Trog (Orc:4)
  An ice dragon (D:18)
  A ravenous feature mimic (D:23)
  Nessos (D:11)
  Erica (D:10)
  14 hydras
  Fannar (Orc:2)
  2 ogre magi
  2 very ugly things (D:23)
  An orc high priest (Orc:4)
  12 centaur warriors
  A sun demon (Lair:8)
  3 deep elf knights
  4 unseen horrors
  A death drake (Lair:8)
  Harold (D:10)
  A human (D:15)
  An ice statue (D:18)
  Erolcha (Orc:3)
  13 orc knights
  2 necromancers
  14 hill giants
  7 harpies
  4 orc sorcerers
  Joseph (D:11)
  2 wolf spiders
  A wolf spider zombie (D:16)
  A frost giant zombie (D:22)
  2 red wasps
  4 oklob plants (Lair:4)
  The ghost of Yermak the Covert, an experienced SpAs of Okawaru (D:20)
  2 stone giant zombies
  2 wizards
  6 cyclopes
  An elephant (shapeshifter) (D:20)
  2 stone giant skeletons
  A fire giant skeleton (D:20)
  5 black mambas
  3 griffons
  Maurice (Orc:2)
  An orange demon (Lair:8)
  8 spiny frogs
  14 elephants
  A spiny worm (D:20)
  A guardian serpent (Lair:6)
  An eye of devastation (D:16)
  2 black mambas (shapeshifter)
  Psyche (D:10)
  A smoke demon (Lair:8)
  2 feature mimics
  A redback zombie (D:17)
  8 yaktaurs
  7 hellwings (Lair:8)
  An iron troll zombie (D:20)
  A hydra zombie (D:16)
  10 trolls
  A fire drake (Lair:6)
  3 two-headed ogres
  5 komodo dragons
  2 blink frogs (shapeshifter)
  Sonja (D:10)
  An iron troll skeleton (D:22)
  A stone giant simulacrum (D:20)
  A wolf spider simulacrum (IceCv)
  A red devil (Lair:8)
  6 blink frogs
  A harpy skeleton (D:16)
  An ettin zombie (D:21)
  4 wyverns
  2 boulder beetles
  16 slime creatures
  An ettin skeleton (D:20)
  A griffon skeleton (D:15)
  3 basilisks
  2 wraiths
  A basilisk (shapeshifter) (D:15)
  A spiny worm zombie (D:20)
  A trapdoor spider (D:17)
  2 shadows
  4 sharks (D:18)
  2 hill giant zombies
  70 ugly things
  3 water elementals (D:18)
  Eustachio (D:10)
  57 yaks
  2 elephant slugs
  2 hungry ghosts
  Grum (D:10)
  A deep elf mage (D:19)
  16 hippogriffs
  A golden eye (shapeshifter) (D:19)
  2 spriggan skeletons (D:9)
  4 deep elf fighters
  20 vampire mosquitoes
  2 manticores
  An iron troll simulacrum (D:20)
  4 mottled dragons
  4 wolves (D:10)
  2 deep troll zombies
  2 soldier ants
  A swamp drake (shapeshifter) (D:13)
  9 freezing wraiths (IceCv)
  8 sky beasts
  21 porcupines
  5 orc zombies (Orc:4)
  An alligator simulacrum (IceCv)
  42 orc warriors
  2 black bears
  3 giant goldfish
  20 ice beasts
  A phantom (D:11)
  2 boring beetles
  A yellow wasp (D:8)
  15 ogres
  18 crocodiles
  An ogre (shapeshifter) (D:15)
  2 rotting devils (Lair:8)
  Sigmund (D:6)
  7 big kobolds
  29 centaurs
  A spriggan simulacrum (IceCv)
  15 giant frogs
  6 giant slugs
  A giant slug (shapeshifter) (D:21)
  2 brain worms
  A wyvern zombie (D:14)
  3 agate snails
  2 yaktaur skeletons
  4 wargs
  21 water moccasins
  11 killer bees
  A yak zombie (D:12)
  2 eyes of draining
  8 wights (D:10)
  A troll skeleton (D:9)
  A fire crab simulacrum (D:15)
  An electric eel (Lair:8)
  5 jellyfish
  9 crimson imps
  11 hounds
  2 big fish (D:18)
  A giant frog skeleton (D:7)
  6 goliath beetles
  2 scorpions
  12 iguanas
  3 jellies
  19 orc priests
  36 orc wizards
  A centaur skeleton (D:9)
  An iguana (shapeshifter) (D:19)
  A killer bee zombie (D:14)
  A rock worm simulacrum (IceCv)
  7 sheep (Lair:2)
  A polar bear simulacrum (IceCv)
  A draconian simulacrum (IceCv)
  A mottled dragon zombie (D:15)
  An ogre zombie (D:10)
  A big kobold skeleton (D:9)
  A mottled dragon skeleton (D:12)
  A mummy (D:9)
  6 gnolls (Bailey)
  2 worker ant zombies
  A mottled dragon simulacrum (D:13)
  5 giant centipedes
  43 green rats
  23 adders
  13 worker ants
  A brain worm simulacrum (D:17)
  A shadow imp (D:9)
  2 giant mites
  A goliath beetle zombie (D:12)
  6 white imps (IceCv)
  5 worms
  An ufetubus (D:10)
  An adder zombie (D:5)
  An iguana skeleton (D:10)
  A giant eyeball (D:10)
  10 giant geckos
  An ooze (D:2)
  186 orcs
  4 ball pythons
  5 giant cockroaches
  34 hobgoblins
  30 jackals
  11 quokkas
  23 bats
  8 giant newts
  4 giant spores
  42 goblins
  A goblin zombie (D:4)
  46 kobolds
  28 rats
  6 ballistomycetes
1418 creatures vanquished.

Vanquished Creatures (others)
  A fire giant (D:23)
  2 ugly things (D:22)
  A centaur (D:19)
  2 orcs
  A bush (Lair:8)
  2 fungi (Lair:8)
9 creatures vanquished.

Grand Total: 1427 creatures vanquished

Notes
Turn   | Place    | Note
--------------------------------------------------------------
     0 | D:1      | Malachi, the Vampire Enchanter, began the quest for the Orb.
     0 | D:1      | Reached XP level 1. HP: 13/13 MP: 4/4
    25 | D:1      | Reached XP level 2. HP: 10/19 MP: 2/5
   470 | D:1      | Learned a level 2 spell: Ensorcelled Hibernation
  1115 | D:1      | Reached XP level 3. HP: 11/24 MP: 6/6
  2170 | D:2      | Reached skill level 1 in Ice Magic
  2312 | D:2      | Reached XP level 4. HP: 30/30 MP: 8/8
  3693 | D:3      | Reached skill level 5 in Short Blades
  3693 | D:3      | Reached XP level 5. HP: 35/35 MP: 4/9
  4079 | D:4      | Found a shattered altar of Ashenzari.
  4096 | D:4      | Became a worshipper of Ashenzari the Shackled
  4679 | D:4      | Reached skill level 6 in Short Blades
  4679 | D:4      | Reached XP level 6. HP: 41/41 MP: 3/10
  4917 | D:4      | Found a sparkling altar of Nemelex Xobeh.
  4930 | D:4      | Noticed an ogre
  4937 | D:4      | Killed an ogre
  5358 | D:4      | Found Eturer's Armour Shoppe.
  5531 | D:5      | Entered Level 5 of the Dungeon
  5581 | D:5      | Reached XP level 7. HP: 43/46 MP: 1/11
  5696 | D:5      | Found a staircase to the Ecumenical Temple.
  5750 | D:5      | Reached skill level 7 in Short Blades
  5896 | D:5      | Found a bloodstained altar of Trog.
  6554 | D:5      | Learned a level 3 spell: Confuse
  7030 | D:6      | Onato123: hello =D
  7181 | D:6      | Reached skill level 5 in Stealth
  7181 | D:6      | Reached skill level 1 in Shields
  7185 | D:6      | Malachi: hey
  7274 | D:6      | Reached skill level 8 in Short Blades
  7363 | D:6      | Reached XP level 8. HP: 52/52 MP: 9/13
  7465 | D:6      | Noticed Sigmund
  7472 | D:6      | Killed Sigmund
  7599 | D:6      | Reached skill level 9 in Stealth
  8101 | D:7      | Reached skill level 10 in Stealth
  8406 | D:6      | HP: 2/52 [sky beast (6)]
  8427 | D:6      | Reached skill level 11 in Stealth
  8672 | D:7      | Learned a level 2 spell: Sure Blade
  8732 | D:7      | Onato123: wow squeeky bum time
  8741 | D:7      | Malachi: yeah
  8741 | D:7      | Malachi: im not used to enchanters at all
  8785 | D:7      | Onato123: me neither, fun to watch though
  9348 | D:8      | Found a blossoming altar of Fedhas.
  9348 | D:8      | Found an ancient bone altar of Kikubaaqudgha.
  9364 | D:8      | Found a white marble altar of Elyvilon.
  9423 | D:8      | Reached XP level 9. HP: 57/57 MP: 14/14
  9487 | D:8      | Reached skill level 12 in Stealth
  9554 | D:8      | Reached skill level 5 in Hexes
  9882 | D:8      | Found a shimmering altar of Xom.
 10132 | D:9      | Reached skill level 10 in Hexes
 10356 | D:9      | Acquired Ashenzari's first power
 10356 | D:9      | Found a shimmering altar of Xom.
 10371 | D:9      | Found a burning altar of Makhleb.
 10444 | D:9      | Reached XP level 10. HP: 61/63 MP: 15/15
 10688 | D:9      | Noticed an unseen horror
 10694 | D:9      | Killed an unseen horror
 11342 | D:10     | Entered Level 10 of the Dungeon
 11353 | D:10     | Reached skill level 13 in Hexes
 12116 | D:10     | Noticed Grum
 12126 | D:10     | Reached skill level 14 in Hexes
 12170 | D:10     | Noticed Psyche
 12173 | D:10     | Killed Psyche
 12173 | D:10     | Reached skill level 5 in Shields
 12182 | D:10     | Killed Grum
 12434 | D:10     | Noticed Eustachio
 12447 | D:10     | Killed Eustachio
 12470 | D:10     | Noticed a hill giant
 12475 | D:10     | Killed a hill giant
 12475 | D:10     | Reached skill level 15 in Hexes
 12475 | D:10     | Reached XP level 11. HP: 68/68 MP: 7/18
 12593 | D:10     | Found a staircase to the Orcish Mines.
 12625 | D:10     | Learned a level 6 spell: Invisibility
 12704 | D:10     | Paralysed by a giant eyeball for 3 turns
 12959 | D:10     | Noticed Harold
 12975 | D:10     | Killed Harold
 13166 | D:10     | Found a staircase to the Lair.
 13217 | D:10     | Noticed Erica
 13220 | D:10     | Killed Erica
 13284 | D:10     | Noticed Sonja
 13292 | D:10     | Killed Sonja
 13292 | D:10     | Reached skill level 5 in Spellcasting
 13791 | D:11     | Identified the +1 robe "Uriewuywk" {Dex+4}
 13792 | D:11     | Noticed an unseen horror
 13797 | D:11     | Killed an unseen horror
 14113 | D:11     | Noticed Nessos
 14121 | D:11     | Killed Nessos
 14121 | D:11     | Reached skill level 15 in Stealth
 14188 | D:11     | Noticed Joseph
 14193 | D:11     | Killed Joseph
 14707 | D:12     | Reached skill level 16 in Stealth
 15097 | D:12     | Acquired Ashenzari's second power
 15294 | D:12     | Noticed a hill giant
 15306 | D:12     | Reached XP level 12. HP: 61/71 MP: 17/24
 15320 | D:12     | Killed a hill giant
 15320 | D:12     | Reached skill level 17 in Stealth
 15753 | D:4      | Bought the +2 buckler of the Mind {rF++ rN+} for 524 gold pieces
 15984 | Lair:1   | Entered Level 1 of the Lair of Beasts
 16072 | Lair:1   | Noticed a seven-headed hydra
 16080 | Lair:1   | Killed a seven-headed hydra
 16411 | Lair:1   | Reached skill level 18 in Stealth
 16935 | Lair:2   | Noticed a four-headed hydra
 16950 | Lair:2   | Killed a four-headed hydra
 17072 | Lair:2   | Reached skill level 19 in Stealth
 17220 | Lair:2   | Noticed a five-headed hydra
 17229 | Lair:2   | Killed a five-headed hydra
 17369 | Lair:2   | Acquired Ashenzari's third power
 18052 | Lair:3   | Reached skill level 20 in Stealth
 18070 | Lair:3   | Found a frozen archway.
 18096 | IceCv    | Entered an ice cave
 19116 | IceCv    | Reached skill level 21 in Stealth
 19271 | IceCv    | Found an ancient bone altar of Kikubaaqudgha.
 19651 | Lair:3   | Noticed a five-headed hydra
 19660 | Lair:3   | Killed a five-headed hydra
 19660 | Lair:3   | Reached XP level 13. HP: 73/73 MP: 19/25
 19871 | Lair:4   | Found a labyrinth entrance.
 19879 | Lab      | Entered a labyrinth
 20137 | Lab      | Got an uncursed ancient pewter ring
 20146 | Lab      | Learned a level 1 spell: Apportation
 20161 | Lab      | Got the uncursed leather armour of the Stars {+Rage rC+}
 20168 | Lab      | Identified the +2 leather armour of the Stars {+Rage rC+} (You found it in a labyrinth)
 20193 | Lab      | Identified a +5 rod of striking (9/9) (You found it in a labyrinth)
 20205 | Lab      | Identified a +5 rod of striking (6/6) (You found it in a labyrinth)
 20377 | Lair:4   | Found a staircase to the Shoals.
 20484 | Lair:4   | Reached skill level 22 in Stealth
 21755 | Lair:5   | Reached skill level 23 in Stealth
 21916 | Lair:5   | Found a blossoming altar of Fedhas.
 22498 | Lair:6   | Found a staircase to the Snake Pit.
 22694 | Lair:6   | Identified the ring "Miaphidaa" {Str+3 Dam+6} (You found it in a labyrinth)
 22755 | Lair:6   | Reached skill level 24 in Stealth
 23636 | Lair:7   | Acquired Ashenzari's fourth power
 23830 | Lair:7   | Reached XP level 14. HP: 81/81 MP: 15/26
 24031 | Lair:7   | Found a radiant altar of Vehumet.
 24172 | Lair:7   | Found a viscous altar of Jiyva.
 24173 | Lair:7   | Found a staircase to the Slime Pits.
 24311 | Lair:8   | Entered Level 8 of the Lair of Beasts
 24391 | Lair:8   | Reached skill level 25 in Stealth
 24743 | Lair:8   | Identified a scroll of acquirement
 25338 | Lair:8   | Reached skill level 5 in Dodging
 25397 | Lair:8   | Reached skill level 10 in Short Blades
 25560 | Lair:8   | Found a burning altar of Makhleb.
 25580 | Lair:8   | Found a gateway to Hell.
 25948 | Orc:1    | Entered Level 1 of the Orcish Mines
 26243 | Orc:1    | Found a flagged portal.
 26293 | Bailey   | Entered a bailey
 26786 | Bailey   | Noticed an orc warlord
 26795 | Bailey   | Killed an orc warlord
 27500 | Orc:2    | Found Cuarutar's Distillery.
 27509 | Orc:2    | Bought 2 potions of heal wounds for 78 gold pieces
 27538 | Orc:2    | Noticed Fannar
 27552 | Orc:2    | Killed Fannar
 28167 | Orc:3    | Found Kluem's Book Shoppe.
 28209 | Orc:3    | Found Shrarin's Food Boutique.
 28210 | Orc:3    | Found a staircase to the Elven Halls.
 28261 | Orc:3    | Noticed Erolcha
 28267 | Orc:3    | Killed Erolcha
 28646 | Orc:2    | Noticed Maurice
 28653 | Orc:2    | Killed Maurice
 28808 | Orc:4    | Entered Level 4 of the Orcish Mines
 28927 | Orc:4    | Reached skill level 5 in Fighting
 28927 | Orc:4    | Reached XP level 15. HP: 90/99 MP: 27/27
 29025 | Orc:4    | Found Vedamoc's General Store.
 29035 | Orc:4    | Noticed Bloax's ghost (powerful GrBe)
 29039 | Orc:4    | Found Steta's Antique Weapon Emporium.
 29039 | Orc:4    | Noticed an orc warlord
 29044 | Orc:4    | Killed Bloax's ghost
 29049 | Orc:4    | Killed an orc warlord
 29051 | Orc:4    | Paralysed by an orc sorcerer for 4 turns
 29606 | Orc:4    | Found Zaaced's Jewellery Shop.
 29658 | Orc:4    | Bought a glowing quick blade for 450 gold pieces
 29846 | Orc:4    | Bought a scroll of blinking for 71 gold pieces
 29846 | Orc:4    | Bought a scroll of recharging for 71 gold pieces
 29877 | Orc:4    | Bought an uncursed amulet of resist corrosion for 320 gold pieces
 30047 | Orc:4    | Found Smigefarr's Antique Armour Shop.
 30080 | Orc:4    | Bought a shimmering robe for 171 gold pieces
 30080 | Orc:4    | Identified the cursed -6 robe of Space {Str+5 Int-4} (You bought it in a shop on level 4 of the Orcish Mines)
 30080 | Orc:4    | Bought an embroidered robe for 21 gold pieces
 30554 | D:13     | Reached skill level 10 in Dodging
 30768 | D:13     | Reached XP level 16. HP: 106/106 MP: 25/28
 30993 | D:14     | Entered Level 14 of the Dungeon
 31002 | D:14     | Noticed letownia's ghost (powerful HOSk)
 31010 | D:14     | Killed letownia's ghost
 31372 | D:14     | Found Tezaivow's Gadget Boutique.
 31377 | D:14     | Found Hedimes' General Store.
 31392 | D:14     | Found Psiagg's Antique Weapon Boutique.
 31463 | D:14     | Reached skill level 26 in Stealth
 31626 | D:14     | Found a portal to a secret trove of treasure.
 31689 | D:14     | Found Camir's Magic Scroll Emporium.
 31878 | D:15     | Entered Level 15 of the Dungeon
 32343 | D:15     | Found Blakarik's Antique Armour Shop.
 32348 | D:15     | Bought a dazzling helmet for 225 gold pieces
 32348 | D:15     | Bought a runed robe for 21 gold pieces
 32352 | D:15     | Identified the +2 helmet of the Abyss {rElec Int+2} (You bought it in a shop on level 15 of the Dungeon)
 33212 | D:15     | Reached skill level 27 in Stealth
 33247 | D:15     | Found a staircase to the Vaults.
 34258 | D:16     | Found a staircase to the Vaults.
 34258 | D:16     | the staircase to the Vaults was a mimic.
 35008 | D:17     | Reached skill level 1 in Charms
 35174 | D:17     | Noticed Wiglaf
 35181 | D:17     | Killed Wiglaf
 35233 | D:17     | Noticed Louise
 35237 | D:17     | Killed Louise
 35237 | D:17     | Reached skill level 5 in Charms
 35679 | D:18     | Noticed Rupert
 35681 | D:18     | Killed Rupert
 35855 | D:18     | Reached XP level 17. HP: 111/111 MP: 29/29
 37516 | D:19     | Learned a level 1 spell: Summon Butterflies
 37855 | D:19     | Reached skill level 10 in Charms
 38083 | D:20     | Entered Level 20 of the Dungeon
 38084 | D:20     | Found a glowing silver altar of Zin.
 38159 | D:20     | Noticed Yermak's ghost (experienced SpAs)
 38184 | D:20     | Killed Yermak's ghost
 38946 | D:20     | Learned a level 3 spell: Flight
 38991 | D:20     | Reached skill level 1 in Air Magic
 39402 | D:20     | Identified the cursed -2 buckler "Fadil" {rF+ SInv} (You acquired it on level 20 of the Dungeon)
 39619 | D:21     | Found a one-way gate leading to the halls of Pandemonium.
 39635 | D:21     | Noticed Jory
 39724 | D:22     | Reached skill level 5 in Air Magic
 39785 | D:22     | Learned a level 5 spell: Silence
 39820 | D:22     | Found a one-way gate to the infinite horrors of the Abyss.
 40153 | D:22     | Identified the ring of Fiwuskya {MP+9 Str+4 Dex+4}
 41566 | D:21     | Noticed a tentacled monstrosity
 41628 | D:21     | HP: 3/111 [tentacled monstrosity (17)]
 41628 | D:21     | Mangled by a tentacled monstrosity

Action                   |  1- 3 |  4- 6 |  7- 9 | 10-12 | 13-15 | 16-18 || total
-------------------------+-------+-------+-------+-------+-------+-------++-------
Melee: Dagger            |   142 |   231 |   278 |   579 |   962 |       ||  2192
       Quick blade       |       |       |       |       |   127 |  1292 ||  1419
Throw: Dart              |       |       |     1 |       |       |       ||     1
       Dagger            |       |       |       |       |     1 |       ||     1
 Cast: Corona            |    23 |     4 |       |     2 |     1 |       ||    30
       Ensorcelled Hiber |     4 |    25 |    76 |    85 |   117 |   139 ||   446
       Confuse           |       |       |     2 |    54 |    19 |    63 ||   138
       Invisibility      |       |       |       |    20 |    27 |    26 ||    73
       Sure Blade        |       |       |       |       |     1 |       ||     1
       Silence           |       |       |       |       |       |     1 ||     1
Invok: Scrying           |       |       |       |     1 |       |       ||     1
 Abil: Bottle Blood      |       |       |     4 |     3 |    17 |     3 ||    27
       End Transformatio |       |       |       |     2 |       |       ||     2
       Bat Form          |       |       |       |     2 |       |       ||     2
Evoke: Wand              |       |       |       |    21 |    15 |     1 ||    37
  Use: Scroll            |     7 |     8 |       |    17 |    15 |    13 ||    60
       Potion            |       |       |     3 |     8 |    14 |    10 ||    35
 Stab: Sleeping          |    10 |    17 |    63 |   144 |   299 |   195 ||   728
       Distracted        |       |     1 |     1 |     3 |     6 |     2 ||    13
       Confused          |       |       |     2 |    24 |     5 |    19 ||    50
       Invisible         |       |       |       |    44 |   100 |   106 ||   250
